 Dungeon Crawl Stone Soup version 0.23.0-38-g208d714 (webtiles) character file.

Game seed: 14641437369902080914

3194 Fang the Fighter (level 9, -6/88 HPs)
             Began as a Gargoyle Berserker on Feb 27, 2019.
             Was an Elder of Trog.
             Mangled by a two-headed ogre
             ... wielding a +0 giant club
              (17 damage)
             ... on level 8 of the Dungeon.
             The game lasted 00:06:27 (7854 turns).

Fang the Fighter (Gargoyle Berserker)               Turns: 7854, Time: 00:06:28

Health: -6/88      AC: 17    Str: 28    XL:     9   Next: 96%
Magic:  9/9        EV: 10    Int:  9    God:    Trog [****..]
Gold:   291        SH:  0    Dex:  9    Spells: 8/8 levels left

rFire    . . .     SeeInvis .   a - +0 hand axe
rCold    . . .     Gourm    .   (no shield)
rNeg     + . .     Faith    .   G - +0 plate armour
rPois    ∞         Spirit   .   D - +2 hat
rElec    +         Reflect  .   q - scarf {cloud immunity}
rCorr    .         Harm     .   z - -2 pair of gloves (curse)
MR       .....                  (no boots)
Stlth    ..........             (no amulet)
HPRegen  0.24/turn              e - ring of attention (curse)
MPRegen  0.11/turn              w - +3 ring of slaying

@: berserking, corroded, very quick
A: negative energy resistance 1, electricity resistance, unbreathing,
petrification resistance, rot immunity, AC +6
a: Berserk, Trog's Hand, Brothers in Arms, Renounce Religion


You were on level 8 of the Dungeon.
You worshipped Trog.
Trog was greatly pleased with you.
You were very hungry.

You visited 2 branches of the dungeon, and saw 9 of its levels.

You collected 291 gold pieces.

Inventory:

Hand Weapons
 a - a +0 hand axe (weapon)
Armour
 q - a scarf of cloud immunity (worn)
 v - a +2 pair of gloves
 z - a cursed -2 pair of gloves (worn)
 D - a +2 hat (worn)
 G - a +0 plate armour (worn)
Jewellery
 e - a cursed ring of attention (left hand)
 m - an uncursed ring of protection from cold
 w - a +3 ring of slaying (right hand)
Wands
 y - a wand of random effects (19)
 C - a wand of polymorph (6)
 F - a wand of iceblast (7)
Scrolls
 d - 2 scrolls of blinking {unknown}
 f - 2 scrolls of amnesia {unknown}
 g - 4 scrolls of remove curse {unknown}
 j - 5 scrolls of teleportation {unknown}
 k - 8 scrolls of identify {unknown}
 l - 2 scrolls of enchant armour {unknown}
 o - 4 scrolls of magic mapping {unknown}
 p - 2 scrolls of random uselessness {unknown}
 t - a scroll of enchant weapon {unknown}
 u - 2 scrolls of noise {unknown}
Potions
 b - a potion of ambrosia {unknown}
 h - a potion of degeneration {unknown}
 i - 4 potions of flight {unknown}
 n - 3 potions of might {unknown}
 r - 2 potions of haste {unknown}
 s - a potion of lignification {unknown}
 x - 3 potions of heal wounds {unknown}
 A - a potion of cancellation {unknown}
 B - a potion of magic {unknown}
 E - a potion of berserk rage {unknown}
Comestibles
 c - 13 rations


   Skills:
 + Level 8.2 Fighting
 + Level 6.8 Axes
 + Level 7.8 Armour
 + Level 5.8 Dodging


You had 8 spell levels left.
You didn't know any spells.
Your spell library was empty.

Dungeon Overview and Level Annotations

Branches:
Dungeon (8/15)             Temple (1/1) D:5
   Lair: D:8-11

Altars:
Ashenzari
Cheibriados
Dithmenos
Elyvilon
Gozag
Hepliaklqana
Okawaru
Qazlal
Ru
Uskayaw
The Shining One

Shops:
D:6 :


Innate Abilities, Weirdness & Mutations

You are resistant to torment.
Your stone body is resilient. (AC +6)
You are immune to poison.
You resist negative energy. (rN+)
You are resistant to electric shocks. (rElec)
You can survive without breathing.
You are immune to petrification.
You are immune to rotting.


Message History

Trog accepts your kill.
You slash the two-headed ogre!
The two-headed ogre is lightly wounded.
You barely miss the two-headed ogre.
The two-headed ogre is lightly wounded.
The two-headed ogre misses you.
The two-headed ogre hits you with a +0 giant spiked club!
* * * LOW HITPOINT WARNING * * *
You slash the two-headed ogre!
The two-headed ogre is heavily wounded.
You slash the two-headed ogre!
The two-headed ogre is heavily wounded.
The two-headed ogre barely misses you. The two-headed ogre closely misses you.
Your plate armour prevents you from hitting the two-headed ogre.
The two-headed ogre is heavily wounded.
You slash the two-headed ogre!
The two-headed ogre is severely wounded.
The two-headed ogre misses you.
The two-headed ogre hits you with a +0 giant spiked club!
You die...

#..##..###.##...#
#..##..# #.##...#
#..##..###......#
#..............##
#..##########...# #.####
##..... #.##.## ##......
.########.#...####.......
.......O@........+.......
.#.##.###.#...####.......
# #.##.## ##...... #.# .#
##..... .#. # ##...# # #
##+## #.## #... ##...


You could see a two-headed ogre.

Vanquished Creatures
  Erica (D:8)
  A troll (D:8)
  A wraith (D:7)
  An orc warrior (D:8)
  2 sky beasts
  2 ice beasts
  2 ogres (D:5)
  2 centaurs
  A big kobold (D:7)
  5 scorpions
  2 howler monkeys
  3 crimson imps
  A centaur zombie (D:7)
  4 hounds
  4 orc wizards
  4 orc priests
  2 jellies (D:8)
  A centaur skeleton (D:6)
  Jessica (D:3)
  2 iguanas
  4 worker ants
  A hound zombie (D:8)
  A howler monkey zombie (D:7)
  7 adders
  3 shadow imps
  An ooze (D:6)
  3 adder skeletons
  2 adder zombies
  6 worms
  A dart slug (D:4)
  6 leopard geckos
  20 orcs
  A ball python (D:1)
  4 giant cockroaches
  5 goblins
  4 hobgoblins
  19 jackals
  6 kobolds
  4 quokkas
  5 bats
  2 frilled lizards
  2 goblin skeletons (D:5)
  2 goblin zombies (D:5)
  3 hobgoblin zombies (D:5)
  A kobold skeleton (D:5)
  A kobold zombie (D:5)
  2 leopard gecko skeletons
  2 orc skeletons (D:5)
  2 orc zombies (D:5)
  10 rats
172 creatures vanquished.

Notes
Turn   | Place    | Note
-------+----------+-------------------------------------------
     0 | D:1      | Fang the Gargoyle Berserker began the quest for the Orb.
     0 | D:1      | Reached XP level 1. HP: 14/14 MP: 1/1
    89 | D:1      | Reached XP level 2. HP: 10/19 MP: 2/2
  1082 | D:2      | Reached XP level 3. HP: 23/23 MP: 3/3
  1097 | D:2      | Reached ** piety under Trog
  1112 | D:2      | Found an iron altar of Okawaru.
  1711 | D:2      | Reached XP level 4. HP: 29/29 MP: 4/4
  1908 | D:3      | Found a snail-covered altar of Cheibriados.
  1975 | D:3      | Noticed Jessica
  2004 | D:3      | Killed Jessica
  2004 | D:3      | Reached skill level 4 in Fighting
  2560 | D:3      | Found a stormy altar of Qazlal.
  2736 | D:4      | Reached XP level 5. HP: 30/33 MP: 5/5
  3023 | D:4      | Found a sacrificial altar of Ru.
  3033 | D:4      | Noticed an ice beast
  3062 | D:4      | Killed an ice beast
  3062 | D:4      | Reached *** piety under Trog
  3062 | D:4      | Reached XP level 6. HP: 25/39 MP: 6/6
  3297 | D:4      | Found a shadowy altar of Dithmenos.
  3708 | D:5      | Entered Level 5 of the Dungeon
  3753 | D:5      | Found a glowing golden altar of the Shining One.
  3820 | D:5      | Reached skill level 5 in Fighting
  3837 | D:5      | Reached XP level 7. HP: 20/44 MP: 7/7
  3967 | D:5      | Found a hazy altar of Hepliaklqana.
  4274 | D:5      | Reached skill level 5 in Armour
  4613 | D:5      | Reached **** piety under Trog
  4673 | D:5      | Found a staircase to the Ecumenical Temple.
  4761 | D:5      | Reached XP level 8. HP: 31/51 MP: 8/8
  4944 | Temple   | Entered the Ecumenical Temple
  5036 | D:5      | Reached skill level 6 in Fighting
  5522 | D:6      | Reached skill level 5 in Axes
  5898 | D:6      | Found Raicurex's Book Shoppe.
  6413 | D:7      | Reached XP level 9. HP: 42/56 MP: 9/9
  6489 | D:7      | Reached skill level 7 in Fighting
  6758 | D:7      | Reached skill level 5 in Dodging
  6874 | D:7      | Found a white marble altar of Elyvilon.
  7086 | D:7      | Found a hide-covered altar of Uskayaw.
  7089 | D:7      | Found an opulent altar of Gozag.
  7092 | D:7      | Found a shattered altar of Ashenzari.
  7663 | D:8      | Noticed a troll
  7676 | D:8      | Killed a troll
  7754 | D:8      | Noticed Erica
  7773 | D:8      | Killed Erica
  7773 | D:8      | Reached skill level 8 in Fighting
  7840 | D:8      | Noticed a two-headed ogre
  7854 | D:8      | Mangled by a two-headed ogre

Skill      XL: |  1  2  3  4  5  6  7  8  9 |
---------------+----------------------------+-----
Axes           | 3 4 5 6 |  6.8
Dodging        | 2 3 4 5 |  5.8
Armour         | 3 4 5 6 7 |  7.8
Fighting       | 4 5 6 8 |  8.2

Action                   |  1- 3 |  4- 6 |  7- 9 || total
-------------------------+-------+-------+-------++-------
Melee: Hand axe          |   155 |   317 |   533 ||  1005
Invok: Berserk           |       |       |     7 ||     7
  Eat: Chunk             |     3 |     7 |    16 ||    26
       Ration            |       |       |     1 ||     1
Armor: Animal skin       |    63 |       |       ||    63
       Scale mail        |       |   179 |    93 ||   272
       Chain mail        |       |       |   214 ||   214
       Plate armour      |       |       |    66 ||    66
Dodge: Dodged            |   117 |   174 |   294 ||   585
